General information
- name: BNet
- type: Ladder 1vs1/FFA
- host: Battle.net
- saver: 7.12
map: GnollWood
- players: 2
- length: 33:08
- speed: Fast
- version: 1.24 W3XP
- replay type: Public
» download(99 KB)
Players
team 1 (winner)
7.12 (
red | 66 APM | 2197 actions | 33:08)
10 Blademaster
3 Wind Walk
3 Critical Strike
1 Bladestorm
3 Mirror Image
» actions
| Assign group hotkey | 60 | |
| Basic commands | 164 | |
| Build / train | 95 | |
| ESC pressed | 9 | |
| Enter build submenu | 39 | |
| Enter hero's abilities submenu | 9 | |
| Give item / drop item | 2 | |
| Remove unit from queue | 1 | |
| Right click | 936 | |
| Select / deselect | 274 | |
| Select group hotkey | 449 | |
| Use ability | 159 | |
2197 total
» units
| Peon | 14 | |
| Wind Rider | 4 | |
| Troll Batrider | 20 | |
| Troll Witch Doctor | 2 | |
| Raider | 1 | |
| Tauren | 2 | |
| Shaman | 2 | |
| Kodo Beast | 1 | |
46 total
» upgrades
| Envenomed Spears | 1 | |
| Liquid Fire | 1 | |
| Reinforced Defenses | 1 | |
| Armor | 3 | |
| Witch Doctor Training | 2 | |
| Shaman Training | 2 | |
| Ensnare | 1 | |
| Pulverize | 1 | |
| Melee Weapons | 1 | |
13 total
» buildings
| Altar of Storms | 1 | |
| Orc Burrow | 9 | |
| Voodoo Lounge | 2 | |
| War Mill | 1 | |
| Stronghold | 1 | |
| Watch Tower | 14 | |
| Beastiary | 3 | |
| Spirit Lodge | 1 | |
| Fortress | 1 | |
| Tauren Totem | 2 | |
| Great Hall | 1 | |
36 total
» build order
00:08 Altar of Storms
00:20 Orc Burrow
00:37 Voodoo Lounge
02:00 Orc Burrow
02:03 War Mill
03:06 Stronghold
03:17 Watch Tower
03:26 Watch Tower
04:03 Watch Tower
04:05 Watch Tower
04:19 Orc Burrow
04:21 Watch Tower
04:42 Watch Tower
05:30 Beastiary
06:04 Beastiary
08:10 Orc Burrow
09:28 Spirit Lodge
09:47 Watch Tower
10:55 Fortress
20:26 Voodoo Lounge
21:24 Tauren Totem
21:25 Tauren Totem
22:41 Beastiary
22:46 Watch Tower
22:47 Watch Tower
22:48 Watch Tower
22:49 Watch Tower
22:52 Orc Burrow
22:53 Orc Burrow
22:55 Orc Burrow
23:02 Orc Burrow
24:40 Orc Burrow
26:46 Great Hall
26:48 Watch Tower
26:49 Watch Tower
26:50 Watch Tower
» items
| Healing Salve | 6 | |
| Lesser Clarity Potion | 6 | |
| Boots of Speed | 1 | |
| Staff of Teleportation | 1 | |
| Potion of Healing | 4 | |
| Orb of Lightning | 1 | |
19 total
team 2 (loser)
RicardoBodi (
teal | 76 APM | 2509 actions | 33:06)
5 Mountain King
3 Storm Bolt
2 Bash
» actions
| Assign group hotkey | 68 | |
| Basic commands | 2 | |
| Build / train | 142 | |
| ESC pressed | 8 | |
| Enter build submenu | 54 | |
| Enter hero's abilities submenu | 5 | |
| Give item / drop item | 4 | |
| Remove unit from queue | 1 | |
| Right click | 605 | |
| Select / deselect | 709 | |
| Select group hotkey | 818 | |
| Use ability | 93 | |
2509 total
» units
| Peasant | 23 | |
| Footman | 9 | |
| Rifleman | 12 | |
| Mortar Team | 16 | |
| Knight | 9 | |
| Priest | 15 | |
| Siege Engine | 3 | |
| Sorceress | 6 | |
93 total
» upgrades
| Masonry | 3 | |
| Lumber Harvesting | 2 | |
| Armor | 1 | |
| Gunpowder | 1 | |
| Priest Training | 2 | |
| Plating | 1 | |
10 total
» buildings
| Barracks | 1 | |
| Altar of Kings | 1 | |
| Farm | 13 | |
| Scout Tower | 28 | |
| Arcane Tower | 2 | |
| Lumber Mill | 1 | |
| Keep | 5 | |
| Blacksmith | 1 | |
| Guard Tower | 23 | |
| Castle | 1 | |
| Workshop | 2 | |
| Arcane Vault | 1 | |
| Arcane Sanctum | 1 | |
| Town Hall | 4 | |
84 total
» build order
00:05 Barracks
00:07 Altar of Kings
00:16 Farm
00:54 Farm
01:31 Farm
02:00 Farm
02:21 Scout Tower
03:10 Scout Tower
03:12 Scout Tower
03:13 Scout Tower
03:18 Scout Tower
03:42 Arcane Tower
04:08 Arcane Tower
04:21 Lumber Mill
04:26 Scout Tower
04:45 Keep
04:45 Keep
04:45 Keep
05:15 Scout Tower
05:17 Scout Tower
05:28 Blacksmith
05:48 Scout Tower
05:52 Guard Tower
05:58 Farm
06:15 Guard Tower
06:20 Guard Tower
06:37 Farm
07:14 Castle
07:53 Workshop
08:12 Arcane Vault
08:58 Arcane Sanctum
09:48 Farm
11:07 Town Hall
11:13 Scout Tower
11:15 Scout Tower
11:16 Scout Tower
11:16 Scout Tower
11:17 Scout Tower
11:36 Farm
11:45 Guard Tower
12:06 Guard Tower
12:47 Guard Tower
12:58 Farm
13:16 Guard Tower
13:44 Guard Tower
14:02 Scout Tower
14:04 Scout Tower
14:05 Scout Tower
14:05 Scout Tower
14:21 Scout Tower
14:22 Scout Tower
14:23 Scout Tower
14:25 Scout Tower
14:28 Scout Tower
14:38 Guard Tower
15:04 Guard Tower
15:28 Scout Tower
15:29 Scout Tower
15:50 Guard Tower
16:13 Guard Tower
16:13 Guard Tower
16:13 Guard Tower
17:09 Scout Tower
17:10 Scout Tower
17:11 Scout Tower
17:16 Guard Tower
17:45 Guard Tower
17:45 Guard Tower
17:45 Guard Tower
18:14 Guard Tower
18:37 Farm
18:41 Farm
20:22 Workshop
21:36 Guard Tower
22:42 Farm
22:44 Farm
30:19 Town Hall
30:56 Town Hall
32:25 Town Hall
» items
Chat log
(24:32 / All) RicardoBodi: numb
(32:50 / All) RicardoBodi: gg
(32:51 / All) 7.12: rofl
(32:52 / All) RicardoBodi: filho da puta
(32:52 / All) 7.12: nub
(32:54 / All) 7.12: u mad?
(32:56 / All) RicardoBodi: numb
(32:57 / All) 7.12: braziliian tras
(32:58 / All) 7.12: h
(33:05 / All) 7.12: leave noob